 Dungeon Crawl Stone Soup version 0.32-a0-391-gce5c0aab1b (webtiles) character file.

Game seed: 13753115631816380443

247 zenocrate the Sneak (level 6, -1/24 (32) HPs)
             Began as a Vine Stalker Delver on Feb 19, 2024.
             Was an Initiate of Gozag.
             Slain by a wight
             ... wielding a +1 flail
              (2 damage)
             ... on level 4 of the Dungeon.
             The game lasted 00:03:02 (2815 turns).

zenocrate the Sneak (Vine Stalker Delver)           Turns: 2815, Time: 00:03:03

HP:   -1/24 (32)    AC:  3    Str: 14    XL:     6   Next: 11%
MP:   0/7           EV: 12    Int: 10    God:    Gozag
Gold: 494           SH:  0    Dex: 18    Spells: 4/5 levels left

rFire   . . .        a - +0 short sword
rCold   + . .        (no shield)
rNeg    . . .        b - +0 leather armour
rPois   .            (no helmet)
rElec   .            (no cloak)
rCorr   .            (no gloves)
SInv    .            (no boots)
Will    .....        (no amulet)
Stlth   ++++         k - ring of protection from cold
HPRegen 1.04/turn    (no ring)
MPRegen 0.10/turn

%: guardian spirit
@: very heavily drained
A: fangs 2, regeneration 1, magic shield, antimagic bite, no potion heal 2
a: Renounce Religion, Potion Petition, Call Merchant, Bribe Branch


You were on level 4 of the Dungeon.
You worshipped Gozag.
Gozag was aware of your devotion.
You visited 2 branches of the dungeon, and saw 6 of its levels.

You collected 518 gold pieces.
You paid 24 gold pieces to Gozag.

Inventory:

Hand Weapons
 a - a +0 short sword (weapon)
Missiles
 m - 4 darts of dispersal (quivered)
Armour
 b - a +0 leather armour (worn)
Jewellery
 k - a ring of protection from cold (left hand)
Wands
 g - a wand of digging (2)
 i - a wand of charming (10)
 j - a wand of flame (34)
Scrolls
 c - 2 scrolls of fog
 d - a scroll of revelation
 h - 3 scrolls of teleportation
 l - a scroll of vulnerability {unknown}
 n - a scroll of summoning {unknown}
 o - a scroll of poison {unknown}
 p - a scroll of fear
 q - a scroll of torment {unknown}
 s - a scroll of enchant weapon {unknown}
 t - a scroll of amnesia {unknown}
 w - a scroll of noise {unknown}
Potions
 f - a potion of haste
 u - a potion of curing
 v - a potion of ambrosia
 x - a potion of attraction {unknown}


   Skills:
 - Level 2.6 Fighting
 + Level 3.5 Short Blades
 - Level 1.5 Dodging
 + Level 7.5 Stealth
 + Level 2.7 Evocations


You had 4 spell levels left.
You knew the following spells:

 Your Spells              Type           Power      Damage    Failure   Level
m - Apportation           Tloc           0%         N/A       43%         1

Your spell library contained the following spells:

 Spells                   Type           Power      Damage    Failure   Level
 Necrotise                Necr           0%         1d4       43%         1
 Sting                    Conj/Alch      0%         1d3       43%         1
 Summon Small Mammal      Summ           0%         N/A       43%         1
 Gell's Gravitas          Tloc           0%         N/A       82%         3
 Teleport Other           Tloc           0%         N/A       82%         3
 Dispersal                Tloc           0%         N/A       100%        6


Dungeon Overview and Level Annotations

Branches:
Dungeon (5/15)             Temple (1/1) D:5

Altars:
Ashenzari
Fedhas
Gozag
Hepliaklqana
Kikubaaqudgha
Makhleb
Qazlal
Sif Muna
Trog
Uskayaw
Vehumet
Wu Jian
Zin


Innate Abilities, Weirdness & Mutations

You have extremely sharp teeth.
Your natural rate of healing is unusually fast.
When hurt, damage is shared between your health and your magic reserves.
Your bite disrupts and absorbs the magic of your enemies.
Potions cannot restore your health.


Message History

The goblin barely misses you. The wight barely misses you.
A wight comes into view. It is wielding a +1 flail.
You hit the wight but do no damage. You bite the wight, but do no damage.
The wight is heavily damaged.
You closely miss the wight. Your bite misses the wight.
The wight is heavily damaged.
The goblin hits you with a +0 dagger. The wight hits you with a +0 spear.
You feel drained.
You hit the wight. Your bite misses the wight.
The wight is severely damaged.
The goblin hits you with a +0 dagger. The wight hits you with a +0 spear.
You feel drained.
You hit the wight but do no damage. You bite the wight, but do no damage.
The wight is severely damaged.
The goblin barely misses you. The wight hits you with a +0 spear.
You feel drained.
You hit the wight but do no damage. You bite the wight. You drain its power.
You feel invigorated.
The wight is severely damaged.
The goblin hits you with a +0 dagger. The wight hits you with a +0 spear.
Unknown command.
You barely miss the wight. Your bite misses the wight.
The wight is severely damaged.
Unknown command.
You hit the wight but do no damage. Your bite misses the wight.
The wight is severely damaged.
The goblin hits you with a +0 dagger. The wight closely misses you.
The goblin hits you but does no damage.
A wight comes into view. It is wielding a +0 trident.
The wight hits you from afar with a +0 spear!
You feel drained. The wight hits you with a +1 flail.
* * * LOW HITPOINT WARNING * * *
Unknown command.
The goblin attacks as it pursues you! The goblin hits you with a +0 dagger.
* * * LOW HITPOINT WARNING * * *
The wight hits you with a +1 flail.
* * * LOW HITPOINT WARNING * * *
You feel drained.
You die...
Your body crumbles into a pile of gold.

######.#............#.
.......'[............
##..####............
.##.#.....######...###
.##.#.##..# #.....
.##.#.###.# #.#.#
###.#.#...# #z..#.##.
#..[#.#.# #gz....z.
###.###.#.# #@###.##.
...## #.#.###+##........
...####.#........###....
.....#.........### ##
##.#.#..###.#.##
#.#....# #.#.#####
#.####.###........ #.#
#.....#.###.. ..#
#........#


You could see 3 wights and a goblin.

Vanquished Creatures
  A hound (D:3)
  2 bombardier beetles
  An orc wizard (D:3)
  4 adders
  3 dart slugs
  3 ribbon worms (D:2)
  2 orcs (D:3)
  4 endoplasms
  3 giant cockroaches
  3 goblins
  5 hobgoblins
  4 jackals (D:1)
  6 kobolds
  3 quokkas
  4 ball pythons
  2 bats
  2 frilled lizards
  4 rats
56 creatures vanquished.

Vanquished Creatures (collateral kills)
  A kobold (D:3)
1 creature vanquished.

Grand Total: 57 creatures vanquished

Notes
Turn   | Place    | Note
-------+----------+-------------------------------------------
     0 | D:5      | zenocrate the Vine Stalker Delver began the quest for the
                  | Orb.
     0 | D:5      | Reached XP level 1. HP: 11/11 MP: 2/2
     1 | D:5      | Found a staircase to the Ecumenical Temple.
    10 | Temple   | Entered the Ecumenical Temple
    52 | Temple   | Became a worshipper of Gozag Ym Sagoz the Greedy
   133 | D:3      | Found a broken altar of Ashenzari.
   244 | D:3      | Found a hide-covered altar of Uskayaw.
   262 | D:3      | Noticed a hound
   285 | D:3      | Reached XP level 2. HP: 16/16 MP: 3/3
   347 | D:3      | Reached skill level 1 in Evocations
   347 | D:3      | Noticed a bombardier beetle
   376 | D:1      | Reached XP level 3. HP: 19/19 MP: 4/4
   378 | D:1      | Learned a level 1 spell: Apportation
   776 | D:1      | Reached XP level 4. HP: 23/23 MP: 5/5
  1713 | D:2      | Reached skill level 7 in Stealth
  1957 | D:2      | Reached XP level 5. HP: 27/27 MP: 6/6
  2763 | D:4      | Reached XP level 6. HP: 25/32 MP: 4/7
  2815 | D:4      | HP: 1/25 [wight/+1 flail (4)]
  2815 | D:4      | Slain by a wight

Illustrated notes

Levels and vault maps discovered:
D:1:      nzn_arrival_depleted_hourglass, layout_basic,
          minmay_misc_feat_four_crosses, nicolae_kite_square_tiling_tiny
D:2:      layout_basic
D:3:      layout_loops_ring, mainiacjoe_overflow_alcove_4,
          nicolae_ashenzari_panopticon
D:4:      layout_basic, mainiacjoe_overflow_alcove_1, nrook_mini_vaults,
          nicolae_elevator_lobby_asterisk
D:5:      layout_basic, chequers_temple_overflow_statue_of_worship,
          nicolae_ru_sacrificial_ziggurat, minmay_temple_entry_drinking_statues,
          uniq_pikel, uniq_grinder
Temple:   chequers_temple_sunken

Skill      XL: |  1  2  3  4 |
---------------+-------------+-----
Short Blades   | 2 3 |  3.5
Evocations     | 1 2 |  2.7
Stealth        | 7 |  7.5
Fighting       | |  2.6
Dodging        | |  1.5

Action                     |  1- 3 |  4- 6 || total
---------------------------+-------+-------++-------
  Melee: Short sword       |   103 |   143 ||   246
         Bite              |    24 |    44 ||    68
  Evoke: Wand              |     2 |       ||     2
    Use: Scroll            |     1 |     4 ||     5
   Stab: Sleeping          |     4 |     9 ||    13
         Distracted        |     1 |     1 ||     2
 Armour: Leather armour    |    54 |    64 ||   118
  Dodge: Dodged            |    69 |    71 ||   140

Table legend: (Time is in decaauts)
 A = Elapsed time spent in this place.
 B = Non-inter-level travel time spent in this place.
 C = Inter-level travel time spent in this place.
 D = Time resting spent in this place.
 E = Time spent auto-exploring this place.
 F = Levels seen in this place.
 G = Mean time per level.
                   A        B        C        D        E       F      G
               +--------+--------+--------+--------+--------+-----+--------+
         Total |   2783 |   2674 |    109 |      3 |   2016 |   6 |  463.8 |
       Dungeon |   2741 |   2668 |     73 |      3 |   2016 |   5 |  548.2 |
        Temple |     41 |      5 |     36 |      0 |      0 |   1 |   41.0 |
               +--------+--------+--------+--------+--------+-----+--------+

Top non-repeatable levels by time:
     D:2: 895 daAuts
     D:3: 814 daAuts
     D:1: 803 daAuts
     D:4: 190 daAuts
  Temple: 41 daAuts
     D:5: 37 daAuts
